 Dungeon Crawl Stone Soup version 0.18.1-6-gd335043 (webtiles) character file.

433 epen the Insei (level 7, -2/48 HPs)
             Began as an Octopode Monk on May 19, 2016.
             Was a Priest of Qazlal.
             Slain by an ogre
             ... wielding a +0 giant club
              (18 damage)
             ... on level 4 of the Dungeon.
             The game lasted 00:04:08 (3436 turns).

epen the Insei (Octopode Monk)                      Turns: 3436, Time: 00:04:09

Health: -2/48      AC:  1    Str: 10    XL:     7   Next: 0%
Magic:  9/9        EV: 15    Int: 12    God:    Qazlal [***...]
Gold:   172        SH:  4    Dex: 17    Spells: 0 memorised, 6 levels left

rFire  + . .     SeeInvis .       - Unarmed
rCold  x . .     Gourm    .     (no shield)
rNeg   + . .     Faith    .     (helmet restricted)
rPois  .         Spirit   .     (no amulet)
rElec  .         Dismiss  .     c - ring of fire
rCorr  +         Reflect  .     h - ring of resist corrosion
SustAt .         Harm     .     t - ring of positive energy
MR     .....                    (no ring)
Stlth  ++........               (no ring)
                                (no ring)
                                (no ring)
                                (no ring)

@: not resistant to hostile enchantments, unstealthy
A: almost no armour, amphibious, 8 rings, constrict 8, camouflage 1, gelatinous
body 1
a: Upheaval, Elemental Force, Renounce Religion


You were on level 4 of the Dungeon.
You worshipped Qazlal.
Qazlal was most pleased with you.
You were not hungry.

You visited 1 branch of the dungeon, and saw 4 of its levels.

You collected 172 gold pieces.

Inventory:

Magical Staves
 r - an uncursed staff of death
Jewellery
 c - a ring of fire (left tentacle)
 h - a ring of resist corrosion (right tentacle)
 n - an uncursed ring of fire
 t - a ring of positive energy (on tentacle)
Scrolls
 d - 4 scrolls of recharging {unknown}
 e - 3 scrolls of amnesia {unknown}
 g - a scroll of enchant armour {unknown}
 k - 3 scrolls of identify {unknown}
 l - 4 scrolls of immolation {unknown}
 o - 2 scrolls of remove curse {unknown}
 p - 3 scrolls of enchant weapon {unknown}
 q - 2 scrolls of fear {unknown}
 s - a scroll of teleportation {unknown}
 w - a scroll of random uselessness {unknown}
Potions
 b - a potion of brilliance {unknown}
 f - 2 potions of agility {unknown}
 i - 2 potions of lignification {unknown}
 j - a potion of invisibility {unknown}
 m - a potion of heal wounds {unknown}
 u - a potion of berserk rage {unknown}
 x - a potion of ambrosia {unknown}
Comestibles
 a - 3 bread rations
 v - a chunk of flesh


   Skills:
 + Level 4.0 Fighting
 * Level 5.1 Dodging
 - Level 2.6 Stealth
 * Level 5.6 Unarmed Combat
 * Level 2.7 Invocations


You had 6 spell levels left.
You didn't know any spells.

Dungeon Overview and Level Annotations

Branches:
Dungeon (4/15)
 Temple: D:4-7

Altars:
Qazlal


Innate Abilities, Weirdness & Mutations

You cannot wear most types of armour.
You are amphibious.
You can wear up to eight rings at the same time.
You can use your tentacles to constrict eight enemies at once.
Your skin changes colour to match your surroundings (Stealth).
Your rubbery body absorbs attacks (AC +1).


Message History

Your grab misses the giant cockroach.
The giant cockroach is engulfed in roaring flames.
You kill the giant cockroach!
Qazlal accepts your kill.
Found 20 gold pieces.
You tentacle-slap the ogre. You squeeze the ogre!
The ogre is moderately wounded.
The ogre hits you with a giant club!
You bludgeon the ogre!
The ogre is severely wounded.
The ogre hits you with a giant club!
You completely miss the ogre. Your squeeze misses the ogre.
The ogre is severely wounded.
You barely miss the ogre.
The ogre is severely wounded.
The ogre completely misses you.
You tentacle-slap the ogre. Your squeeze misses the ogre.
The ogre is almost dead.
The ogre hits you with a giant club!!
You die...

#.......†.....#
'.............#..$.....
#........##...##......
##.......##...##.....
##†<.....##.§.##....# #
))............##....##.#
.).......§....#.........
.........#######.O......
####.....##.(.##@....... #
##.....##...'.§....... .
#..[........#.=.......
..#...........#.........
..+.>.........#......... .
######...##...##....##.. ..
..####...#######....####+######..
....'.........+..................
....#.........# .................


You could see an ogre.

Vanquished Creatures
  4 orc priests
  2 orc wizards (D:4)
  Ijyb (D:2)
  2 iguanas (D:4)
  A worker ant (D:4)
  2 adders
  An ooze (D:2)
  2 worms (D:2)
  12 dart slugs
  8 giant geckos
  16 orcs
  5 giant cockroaches
  2 goblins (D:2)
  8 hobgoblins
  4 jackals (D:3)
  A quokka (D:4)
  2 ball pythons
  6 bats
  A giant gecko skeleton (D:4)
  6 giant newts
  4 kobolds
  4 rats
94 creatures vanquished.

Notes
Turn   | Place    | Note
--------------------------------------------------------------
     0 | D:1      | epen the Octopode Monk began the quest for the Orb.
     0 | D:1      | Reached XP level 1. HP: 16/16 MP: 1/1
   246 | D:1      | Reached XP level 2. HP: 19/21 MP: 2/2
  1157 | D:2      | Reached XP level 3. HP: 13/26 MP: 3/3
  1426 | D:2      | Found a stormy altar of Qazlal.
  1434 | D:2      | Became a worshipper of Qazlal Stormbringer
  1434 | D:2      | Reached * piety under Qazlal
  1434 | D:2      | Reached ** piety under Qazlal
  1585 | D:2      | Noticed Ijyb
  1593 | D:2      | Killed Ijyb
  1593 | D:2      | Reached XP level 4. HP: 27/31 MP: 4/4
  2456 | D:3      | Reached skill level 5 in Unarmed Combat
  2596 | D:3      | Reached XP level 5. HP: 31/36 MP: 5/5
  2603 | D:3      | Reached *** piety under Qazlal
  2803 | D:4      | Reached skill level 1 in Invocations
  2873 | D:4      | Reached XP level 6. HP: 41/42 MP: 7/7
  3380 | D:4      | Reached skill level 5 in Dodging
  3409 | D:4      | Reached XP level 7. HP: 41/48 MP: 9/9
  3436 | D:4      | Slain by an ogre

Skill      XL: |  1  2  3  4  5  6 |
---------------+-------------------+-----
Dodging        | 4 5 |  5.1
Unarmed Combat | 5 |  5.6
Invocations    | 1 2 |  2.7
Fighting       | 4 |  4.0
Stealth        | |  2.6

Action                   |  1- 3 |  4- 6 |  7- 9 || total
-------------------------+-------+-------+-------++-------
Melee: Unarmed           |    59 |   143 |     6 ||   208
       Constrict         |    13 |    50 |       ||    63
       Tentacles         |    15 |    28 |     1 ||    44
       Punch             |     5 |    11 |       ||    16
 Stab: Sleeping          |     5 |       |       ||     5
  Eat: Chunk             |     2 |     6 |       ||     8
Armor: Skin              |     2 |     2 |       ||     4
Dodge: Dodged            |    29 |    79 |     1 ||   109
Block: Other             |     2 |    14 |       ||    16
